 Dungeon Crawl Stone Soup version 0.26-a0-597-gb535b0901c (webtiles) character file.

Game seed: 11201919354149875857

(classic levelgen) 73076 EnegeticOcto the Severer (level 15, 86/138 HPs)
             Began as a Deep Dwarf Fighter on Aug 29, 2020.
             Was the Champion of Makhleb.
             Quit the game on level 15 of the Dungeon.
             The game lasted 00:11:08 (12598 turns).

EnegeticOcto the Severer (Deep Dwarf Fighter)      Turns: 12598, Time: 00:11:08

Health: 86/138     AC: 27    Str: 31    XL:     15   Next: 3%
Magic:  6/6        EV:  7    Int: 10    God:    Makhleb [******]
Gold:   712        SH: 18    Dex: 12    Spells: 14/14 levels left

rFire    . . .     SeeInvis .   a - +0 broad axe
rCold    . . .     Faith    .   c - +0 kite shield
rNeg     + . .     Spirit   .   J - +1 plate armour {rPois}
rPois    +         Reflect  +   K - +0 helmet
rElec    .         Harm     .   h - +0 cloak
rCorr    .                      M - +1 pair of gloves
MR       ++...                  G - +0 pair of boots
Stlth    ..........             k - amulet of reflection
HPRegen  0.00/turn              w - +6 ring of strength
MPRegen  0.10/turn              z - ring of Xom's Amusement {rPois AC+4}

@: non-regenerating, slowed, very slow
A: damage resistance, heal wounds, low mp 1, negative energy resistance 1, sense
surroundings 2, no regeneration
a: Heal Wounds, Minor Destruction, Lesser Servant of Makhleb, Major Destruction,
Greater Servant of Makhleb, Renounce Religion


You were on level 15 of the Dungeon.
You worshipped Makhleb.
Makhleb was exalted by your worship.
You visited 3 branches of the dungeon, and saw 22 of its levels.

You collected 1956 gold pieces.
You spent 1244 gold pieces at shops.

Inventory:

Hand Weapons
 a - a +0 broad axe (weapon)
 m - a +2 scimitar of flaming
 r - a +1 war axe
Missiles
 s - 3 throwing nets (quivered)
Armour
 c - a +0 kite shield (worn)
 h - a +0 cloak (worn)
 G - a +0 pair of boots (worn)
 J - a +1 plate armour of poison resistance (worn)
 K - a +0 helmet (worn)
 M - a +1 pair of gloves (worn)
Jewellery
 k - an amulet of reflection (around neck)
 w - a +6 ring of strength (left hand)
 z - the ring of Xom's Amusement (right hand) {rPois AC+4}
   (You bought it in a shop on level 2 of the Orcish Mines)

   [ring of protection]

   It affects your AC (+4).
   It protects you from poison.
Wands
 i - a wand of iceblast (27) {@v2}
 l - a wand of digging (3) {@v3}
 x - a wand of acid (4) {@v1}
 A - a wand of disintegration (12)
 F - a wand of paralysis (7)
Scrolls
 g - 5 scrolls of teleportation {unknown}
 j - 2 scrolls of identify {@r1}
 p - 13 scrolls of remove curse {@r2}
 t - 2 scrolls of blinking
 u - a scroll of silence
 v - a scroll of magic mapping {@r5}
 y - 6 scrolls of fear
 H - 3 scrolls of enchant weapon
Potions
 b - 7 potions of heal wounds {@q2}
 d - 3 potions of might {@q3}
 e - 12 potions of curing {@q1}
 f - 5 potions of haste {@q4}
 o - a potion of magic
 q - 5 potions of mutation
 B - 3 potions of lignification {@q7}
 D - 2 potions of ambrosia
 E - a potion of flight
 I - 2 potions of degeneration {unknown}
 L - a potion of resistance {unknown}
Miscellaneous
 n - a condenser vane (2/2)
 C - a phantom mirror


   Skills:
 + Level 9.8 Fighting
 * Level 17.8 Axes
 + Level 11.5 Armour
 + Level 11.6 Shields
 + Level 12.3 Invocations
 + Level 8.3 Evocations


You had 14 spell levels left.
You didn't know any spells.
Your spell library was empty.

Dungeon Overview and Level Annotations

Branches:
Dungeon (15/15)            Temple (0/1) D:5            Lair (5/6) D:10
 Shoals (0/4) Lair:2        Snake (0/4) Lair:4          Orc (2/2) D:12
    Elf (0/3) Orc:2        Vaults (0/5) D:14         Depths (0/5) D:15
  Slime: Lair:5-6

Altars:
Ashenzari
Fedhas
Gozag
Makhleb
Okawaru
Uskayaw
Vehumet
Yredelemnul
The Shining One

Shops:
D:11 [   Orc:1 }   Orc:2 }}**=

Annotations:
D:4 2 transporters, graki42's ghost, amateur GnTm
D:5 2 exclusions
Lair:3 exclusion: 4 oklob plants
Lair:4 exclusion: oklob plant


Innate Abilities, Weirdness & Mutations

You are resistant to damage.
You can heal yourself by infusing magical energy.
You resist negative energy. (rN+)
You passively map the area around you.
You do not regenerate.
Your magical capacity is low. (-10% MP)


Message History

A wraith is nearby!
A freezing wraith comes into view.
You hit the wraith.
The wraith is lightly damaged.
You closely miss the wraith.
The wraith is lightly damaged.
You block the wraith's attack.
You slash the wraith!
The wraith is moderately damaged.
You block the wraith's attack.
You slash the wraith!
The wraith is severely damaged.
The wraith hits you but does no damage.
You slice the wraith!!
You destroy the wraith!
Makhleb accepts your kill.
Your life force feels restored.
The freezing wraith hits you but does no damage.
The freezing wraith hits you. The freezing wraith drains your vigour!
You feel yourself slow down.
Found a stone staircase leading up.
You slash the freezing wraith!
The freezing wraith is moderately damaged.
You block the freezing wraith's attack.
The freezing wraith hits you but does no damage.
You block the freezing wraith's attack.
The freezing wraith hits you but does no damage.
You slice the freezing wraith!!
The freezing wraith is severely damaged.
You hear a shout!
A death knight comes into view. It is wielding a +0 halberd.
The freezing wraith hits you but does no damage. x2
The death knight moves out of view.
You hit the freezing wraith but do no damage.
The freezing wraith is severely damaged.
You block the freezing wraith's attack. x2
You closely miss the freezing wraith.
The freezing wraith is severely damaged.
The freezing wraith hits you but does no damage.
You block the freezing wraith's attack.
You slash the freezing wraith!
The freezing wraith is almost destroyed.
A skeletal warrior comes into view. It is wielding a +0 scimitar.
The death knight offers itself to Yredelemnul, and fills with unholy energy.
You block the freezing wraith's attack.
The freezing wraith hits you but does no damage.
The skeletal warrior moves out of view.
You closely miss the freezing wraith.
The freezing wraith is almost destroyed.
You block the freezing wraith's attack. x2
You closely miss the freezing wraith.
The freezing wraith is almost destroyed.
You block the freezing wraith's attack. x2
You slice the freezing wraith!!
You destroy the freezing wraith!
Makhleb accepts your kill. You block the death knight's attack.
The death knight mumbles some strange prayers to Yredelemnul against you.
Your body is wracked with pain!
Found 15 sling bullets.
There are monsters nearby!
There are monsters nearby!
There are monsters nearby!
There are monsters nearby!
You open the death knight like a pillowcase!!!
The death knight is severely wounded.
The death knight reflects your damage back at you!
You hear an angry buzzing noise. x2
The death knight mumbles some strange prayers to Yredelemnul against you.
Your body is wracked with pain!
* * * LOW HITPOINT WARNING * * *
You are too injured to fight recklessly!
You are too injured to fight recklessly!
You are too injured to fight recklessly!
You are too injured to fight recklessly!
You are too injured to fight recklessly!
You are too injured to fight recklessly!
You are too injured to fight recklessly!
You are too injured to fight recklessly!
You are too injured to fight recklessly!
You are too injured to fight recklessly!
You are too injured to fight recklessly!
You are too injured to fight recklessly!
You feel much better.
A centaur warrior comes into view.
The death knight hits you but does no damage.
The centaur warrior wields a +0 shortbow.
The centaur warrior shoots an arrow.
The arrow hits you.
The death knight mumbles some strange prayers to Yredelemnul against you.
You resist with almost no effort.
You feel much better.
A killer bee comes into view.
The centaur warrior shoots an arrow.
You reflect the arrow off an invisible shield around you!
The arrow hits the centaur warrior!
You block the death knight's attack.
The centaur warrior shoots an arrow.
The arrow hits you but does no damage. The skeletal warrior barely misses you.
Are you sure you want to abandon this character and quit the game? (Confirm with "yes".)
Okay, then.
Are you sure you want to abandon this character and quit the game? (Confirm with "yes".)

####≈≈≈#
#...+,.............
*≈≈≈≈#
#...#.###.......#..
≈
#.##.#+###.......#..
* #.
#....##.......#.# *
#. #....##.......#.#
*###. #....≈≈.....
#.# , . ,...
#...$≈≈..... #. *
.(..#.##....≈≈≈≈###
*#.*
,......p@......≈≈...
,
......z..≈.≈≈.≈≈.##
* .<..........≈.≈≈.#
* ,
..../....#..≈.≈#.#
** ,
.............[/..#,
###.............. *
#.....#........ ,
*,, .y..c.#######* ,
,, , , , , , ,+ , *


You could see a death knight (reflects damage), a skeletal warrior, a centaur
warrior and a killer bee (wandering).

Vanquished Creatures
  A stone giant (Orc:1)
  2 hydras
  Harold (D:9)
  6 centaur warriors
  5 two-headed ogres
  Erica (D:10)
  A vampire mage (D:15)
  4 death yaks (Lair:3)
  2 tengu warriors
  A storm dragon zombie (D:15)
  Urug (D:13)
  An orc high priest (Orc:2)
  2 skeletal warriors (D:15)
  2 unseen horrors
  2 orc knights (Orc:2)
  A necromancer (D:15)
  2 orc sorcerers
  13 elephants
  16 ugly things
  A cyclops (D:14)
  3 cane toads
  A gargoyle (D:12)
  A yaktaur zombie (D:15)
  A freezing wraith (D:15)
  4 tengu conjurers
  2 komodo dragons
  2 polar bears
  A meliai (shapeshifter) (D:15)
  4 trolls
  A hornet (shapeshifter) (D:15)
  6 slime creatures (D:13)
  5 blink frogs
  7 hippogriffs
  A meliai zombie (D:15)
  A dream sheep (shapeshifter) (D:14)
  A snapping turtle (shapeshifter) (D:14)
  A centaur simulacrum (D:13)
  A spriggan (shapeshifter) (D:15)
  2 fire dragon skeletons (D:15)
  A water elemental (D:13)
  4 wraiths
  2 vampires (D:12)
  2 basilisks
  45 yaks
  8 vampire mosquitoes
  4 wargs (Orc:2)
  3 nagas (Lair:4)
  3 water moccasins
  8 porcupines
  4 ice beasts
  3 phantoms
  A black bear (shapeshifter) (D:14)
  2 sky beasts
  3 boggarts (D:14)
  39 orc warriors
  13 ogres
  14 wolves
  A necrophage (D:9)
  26 centaurs
  11 crocodiles
  3 big kobolds
  16 bullfrogs
  A wyvern zombie (D:12)
  2 scorpions
  A water moccasin skeleton (D:9)
  A howler monkey (D:10)
  A vampire bat (D:15)
  An electric eel (Lair:4)
  A wyvern simulacrum (D:13)
  2 centaur zombies
  4 quasits
  2 bullfrog zombies
  13 orc priests
  A bullfrog skeleton (D:8)
  3 jellies
  27 orc wizards
  2 centaur skeletons
  8 hounds
  4 iguanas
  8 worker ants
  2 hound zombies (D:8)
  A hound skeleton (D:8)
  3 gnolls (D:5)
  12 adders
  2 shadow imps (D:5)
  5 white imps
  4 ufetubi
  18 oozes
  An adder zombie (D:9)
  2 adder skeletons
  A worm (D:2)
  2 dart slugs
  2 leopard geckos
  84 orcs
  11 bats
  5 giant cockroaches
  3 goblins
  3 hobgoblins
  8 jackals
  13 kobolds
  5 quokkas
  A leopard gecko zombie (D:5)
  A bush (Lair:1)
597 creatures vanquished.

Vanquished Creatures (collateral kills)
  3 hydras
  An oklob plant (Lair:1)
  A tengu conjurer (D:13)
  A polar bear (D:13)
  A basilisk (Lair:1)
  A phantom (D:13)
8 creatures vanquished.

Vanquished Creatures (others)
  10 fungi
  7 plants
  A withered plant (D:15)
18 creatures vanquished.

Grand Total: 623 creatures vanquished

Notes
Turn   | Place    | Note
-------+----------+-------------------------------------------
     0 | D:1      | EnegeticOcto the Deep Dwarf Fighter began the quest for the
                  | Orb.
     0 | D:1      | Reached XP level 1. HP: 20/20 MP: 1/1
    90 | D:1      | Reached XP level 2. HP: 27/27 MP: 2/2
   286 | D:2      | Reached skill level 3 in Axes
   286 | D:2      | Reached XP level 3. HP: 34/34 MP: 3/3
   335 | D:2      | Noticed a scorpion
   347 | D:2      | Killed a scorpion
   347 | D:2      | Reached XP level 4. HP: 37/42 MP: 4/4
   529 | D:4      | Reached skill level 4 in Axes
   529 | D:4      | Reached XP level 5. HP: 42/49 MP: 5/5
   562 | D:4      | Found a transporter.
   564 | D:4      | Noticed graki42's ghost (amateur GnTm)
   565 | D:4      | Identified the +5 great mace of the Depths {antimagic, rN+
                  | MP+9 Int+5 Dex+2}
   565 | D:4      | Noticed an ogre
   569 | D:4      | Found a transporter.
  1248 | D:5      | Entered Level 5 of the Dungeon
  1304 | D:5      | Reached XP level 6. HP: 56/56 MP: 5/5
  1389 | D:5      | Reached skill level 5 in Axes
  1398 | D:5      | Found a burning altar of Makhleb.
  1454 | D:5      | Became a worshipper of Makhleb the Destroyer
  1512 | D:5      | Found a staircase to the Ecumenical Temple.
  1623 | D:5      | Reached skill level 1 in Invocations
  1709 | D:5      | Reached XP level 7. HP: 49/63 MP: 6/6
  1757 | D:5      | You fall into a shaft and drop 3 floors!
  1843 | D:8      | Reached skill level 5 in Armour
  1843 | D:8      | Reached skill level 5 in Shields
  1900 | D:8      | Found an opulent altar of Gozag.
  2028 | D:7      | Found a blossoming altar of Fedhas.
  2033 | D:7      | Reached skill level 6 in Axes
  2035 | D:7      | Noticed a yak
  2041 | D:7      | Noticed a yak
  2044 | D:7      | Noticed a yak
  2045 | D:7      | Noticed a yak
  2063 | D:8      | Killed a yak
  2067 | D:7      | Noticed a yak
  2072 | D:8      | Killed a yak
  2072 | D:8      | Reached XP level 8. HP: 44/73 MP: 9/9
  2096 | D:7      | Reached skill level 7 in Axes
  2099 | D:7      | Reached * piety under Makhleb
  2122 | D:7      | Reached skill level 5 in Fighting
  2823 | D:6      | Reached skill level 8 in Axes
  3045 | D:7      | Gained mutation: You passively map the area around you.
                  | [Deep Dwarf growth]
  3045 | D:7      | Reached XP level 9. HP: 33/81 MP: 9/9
  3197 | D:7      | Found a glowing golden altar of the Shining One.
  3260 | D:7      | Reached skill level 5 in Invocations
  3313 | D:7      | Found a burning altar of Makhleb.
  3422 | D:7      | Reached ** piety under Makhleb
  3457 | D:8      | Found a hide-covered altar of Uskayaw.
  3457 | D:8      | Found a radiant altar of Vehumet.
  4274 | D:8      | Noticed a troll
  4291 | D:8      | Killed a troll
  4296 | D:8      | Reached skill level 9 in Axes
  4520 | D:9      | Noticed Harold
  4548 | D:9      | Reached XP level 10. HP: 37/91 MP: 10/10
  4558 | D:9      | Killed Harold
  4558 | D:9      | Reached *** piety under Makhleb
  4575 | D:9      | Reached skill level 10 in Axes
  4673 | D:9      | Reached skill level 13 in Axes
  4673 | D:9      | Reached XP level 11. HP: 65/97 MP: 12/12
  4688 | D:9      | Found an iron altar of Okawaru.
  4689 | D:9      | Found a basalt altar of Yredelemnul.
  4888 | D:10     | Entered Level 10 of the Dungeon
  4916 | D:10     | Noticed Erica
  4927 | D:10     | Found a staircase to the Lair.
  4935 | D:10     | Killed Erica
  4935 | D:10     | Reached skill level 14 in Axes
  5534 | D:11     | Noticed a two-headed ogre
  5544 | D:11     | Killed a two-headed ogre
  5624 | D:11     | Found Emajei's Antique Armour Shoppe.
  5705 | D:11     | Noticed a two-headed ogre
  5726 | D:11     | Killed a two-headed ogre
  5800 | D:11     | Killed an unseen horror
  5895 | D:11     | Noticed a centaur warrior
  5905 | D:11     | Killed a centaur warrior
  5905 | D:11     | Reached **** piety under Makhleb
  5997 | D:11     | Noticed a two-headed ogre
  6005 | D:11     | Killed a two-headed ogre
  6005 | D:11     | Reached XP level 12. HP: 90/109 MP: 13/13
  6151 | D:12     | Reached skill level 15 in Axes
  6156 | D:12     | Found a staircase to the Orcish Mines.
  6205 | D:12     | Noticed a two-headed ogre
  6221 | D:12     | Killed a two-headed ogre
  6419 | D:12     | Found a shattered altar of Ashenzari.
  6762 | D:13     | Noticed a centaur warrior
  6763 | D:13     | Noticed a seven-headed hydra
  6781 | Orc:1    | Entered Level 1 of the Orcish Mines
  6816 | Orc:1    | Reached ***** piety under Makhleb
  6915 | Orc:1    | Noticed a stone giant
  6948 | Orc:1    | Killed a stone giant
  7074 | Orc:1    | Found Zitri's Gadget Boutique.
  7087 | Orc:1    | Bought a condenser vane (2/2) for 260 gold pieces
  7217 | Orc:2    | Entered Level 2 of the Orcish Mines
  7219 | Orc:2    | Gained mutation: Your magical capacity is low. (-10% MP) [a
                  | neqoxec]
  7382 | Orc:2    | Noticed a centaur warrior
  7391 | Orc:2    | Reached skill level 1 in Evocations
  7392 | Orc:2    | Killed a centaur warrior
  7436 | Orc:2    | Found a staircase to the Elven Halls.
  7491 | Orc:2    | Reached XP level 13. HP: 117/117 MP: 9/9
  7622 | Orc:2    | Reached skill level 10 in Invocations
  7658 | Orc:2    | Found Atius's Gadget Emporium.
  7865 | Orc:2    | Found Coceuh's Assorted Antiques.
  7865 | Orc:2    | Found Qeyxeej's General Store.
  7867 | Orc:2    | Found Ehao's Jewellery Boutique.
  7869 | Orc:2    | Found Uchyer's Gadget Shoppe.
  7898 | Orc:2    | Bought a scroll of blinking for 135 gold pieces
  7904 | Orc:2    | Bought the ring of Xom's Amusement {rPois AC+4} for 849
                  | gold pieces
  8202 | Lair:1   | Entered Level 1 of the Lair of Beasts
  8246 | Lair:1   | Reached skill level 16 in Axes
  8246 | Lair:1   | Reached skill level 10 in Shields
  8569 | Lair:2   | Reached skill level 10 in Armour
  8574 | Lair:2   | Reached ****** piety under Makhleb
  8804 | Lair:2   | Found a staircase to the Shoals.
  9318 | Lair:3   | Reached skill level 5 in Evocations
 10124 | Lair:4   | Gained mutation: You resist negative energy. (rN+) [Deep
                  | Dwarf growth]
 10124 | Lair:4   | Reached XP level 14. HP: 76/129 MP: 10/10
 10144 | Lair:4   | Found a staircase to the Snake Pit.
 11070 | D:13     | Reached skill level 17 in Axes
 11277 | D:13     | Noticed Urug
 11295 | D:13     | Killed Urug
 11386 | D:13     | You fall into a shaft and drop 1 floor!
 11567 | D:14     | Found a gate to the Vaults.
 12162 | D:15     | Entered Level 15 of the Dungeon
 12200 | D:15     | Found a staircase to the Depths.
 12546 | D:15     | Reached XP level 15. HP: 131/138 MP: 6/6
 12598 | D:15     | Quit the game

Illustrated notes

Levels and vault maps discovered:
D:1:      scummos_arrival_checkerplants, layout_basic, serial_aquarium,
          aquarium_bridge_square [aquarium_subvault_bridge,
          aquarium_subvault_window, aquarium_subvault_window,
          aquarium_subvault_wall], aquarium_window_fake, aquarium_window_1,
          aquarium_window_fake, aquarium_view_2c, aquarium_view_2g,
          aquarium_pool_side, patterned_corridor
D:2:      layout_rooms
D:3:      layout_basic, uniq_grinder, uniq_terence, uniq_jessica
D:4:      layout_basic, gammafunk_ghost_smash
D:5:      layout_rooms, tgw_sif, old_standard_altar,
          minmay_temple_entry_crystal_x
D:6:      layout_basic
D:7:      layout_rooms, fedhas_altar_1, tso_oasis_becter,
          makhleb_heckhound_becter
D:8:      layout_basic, grunt_temple_overflow_open, grunt_gozag_statues,
          minmay_fractal_squares_gapless_5
D:9:      layout_rooms, gammafunk_temple_overflow_statue, uniq_harold
D:10:     layout_roguey, dpeg_oklobed_lair, uniq_erica
D:11:     layout_basic, serial_glass, glass_columns_a, glass_columns_b,
          serial_shops, nicolae_shop_overgrown_old_shop
D:12:     layout_cave_pools, david_orc_3, minmay_misc_feat_tiny,
          nrook_mini_backslash, ashenzari_altar_1
D:13:     layout_rooms, serial_ice, serial_ice_m, serial_ice_k, serial_ice_a,
          serial_ice_e, serial_ice_n, serial_ice_g, serial_ice_o, serial_ice_f,
          portal_ice_cave_entry_pillars_1, minmay_misc_feat_nine_boxes,
          uniq_urug
D:14:     layout_loops_ring, david_vaults_2, infiniplex_staircase_diamond
D:15:     gammafunk_depths_entry_grave, layout_basic, special_room
          [special_room_bee], roderic_batcave
Lair:1:   layout_long_grid, minmay_lair_oklob_items, serial_bayou_shore_b,
          serial_bayou_shore_b, uniq_fannar
Lair:2:   layout_gridlike, shoals_dummy_entry, minivault_23, beast_lair_carwin_1
Lair:3:   layout_long_grid, grunt_megastairs_1, lemuel_fruit_fields,
          minmay_lair_oklob_chamber
Lair:4:   lemuel_slime, layout_misc_corridors,
          minmay_snake_entry_guardpost_small, serial_bayou_shore_b,
          infiniplex_staircase_pool
Lair:5:   layout_misc_corridors, slime_altar_2, chequers_serial_rivers_micro_a,
          grunt_forest_stairs_basic, minmay_another_anthill,
          serial_bayou_shore_b
Orc:1:    layout_caves, serial_shops, shop
Orc:2:    st_orc_rangers, layout_caves, serial_shops, nicolae_shop_waterfront

Skill      XL: |  1  2  3  4  5  6  7  8  9 10 11 12 13 14 |
---------------+-------------------------------------------+-----
Fighting       | 3 4 5 6 7 8 9 |  9.8
Axes           | 3 4 5 6 8 9 13 14 15 16 17 | 17.8
Shields        | 4 5 6 7 8 9 10 11 | 11.6
Armour         | 4 5 6 7 8 9 10 11 | 11.5
Invocations    | 1 3 4 6 8 9 11 12 | 12.3
Evocations     | 2 6 8 |  8.3

Action                   |  1- 3 |  4- 6 |  7- 9 | 10-12 | 13-15 || total
-------------------------+-------+-------+-------+-------+-------++-------
Melee: War axe           |    58 |   154 |   436 |   555 |    68 ||  1271
       Broad axe         |       |       |       |       |   989 ||   989
Invok: Lesser Servant of |       |       |       |       |     8 ||     8
 Abil: Heal Wounds       |       |     4 |    10 |    20 |    31 ||    65
Evoke: Wand              |       |       |       |     2 |     6 ||     8
       Condenser vane    |       |       |       |     2 |     1 ||     3
  Use: Scroll            |       |       |    14 |     9 |     3 ||    26
       Potion            |       |       |       |     1 |       ||     1
Armor: Scale mail        |    34 |     1 |       |       |       ||    35
       Chain mail        |       |    64 |   213 |   244 |   281 ||   802
       Plate armour      |       |       |       |       |   520 ||   520
Dodge: Dodged            |    28 |    30 |    84 |    95 |   290 ||   527
Block: Kite shield       |    28 |   136 |   444 |   492 |  1170 ||  2270
       Reflection        |       |     1 |    14 |    55 |    50 ||   120

Table legend: (Time is in decaauts)
 A = Elapsed time spent in this place.
 B = Non-inter-level travel time spent in this place.
 C = Inter-level travel time spent in this place.
 D = Time resting spent in this place.
 E = Time spent auto-exploring this place.
 F = Levels seen in this place.
 G = Mean time per level.
                   A        B        C        D        E       F      G
               +--------+--------+--------+--------+--------+-----+--------+
         Total |  12433 |  11738 |    695 |    157 |   8067 |  22 |  565.1 |
       Dungeon |   8450 |   8036 |    414 |     36 |   5538 |  15 |  563.3 |
          Lair |   2686 |   2462 |    224 |     21 |   1777 |   5 |  537.2 |
  Orcish Mines |   1297 |   1240 |     57 |    100 |    751 |   2 |  648.5 |
               +--------+--------+--------+--------+--------+-----+--------+

Top non-repeatable levels by time:
     D:8: 1261 daAuts
     D:6: 823 daAuts
  Lair:3: 818 daAuts
  Lair:2: 767 daAuts
  Lair:4: 747 daAuts
     D:4: 740 daAuts
    D:14: 739 daAuts
   Orc:2: 737 daAuts
    D:12: 693 daAuts
    D:10: 668 daAuts
     D:5: 590 daAuts
    D:11: 586 daAuts
   Orc:1: 560 daAuts
     D:7: 555 daAuts
     D:9: 523 daAuts
